 Dungeon Crawl Stone Soup version 0.26-a0-1026-g544776af23 (webtiles) character file.

Game seed: 2908391825081157291

104 sahdkjhfkaj the Skirmisher (level 4, -1/41 HPs)
             Began as a Minotaur Berserker on Dec 9, 2020.
             Was a Believer of Trog.
             Slain by a gnoll
             ... wielding a cursed -1 halberd
              (2 damage)
             ... on level 3 of the Dungeon.
             The game lasted 00:01:35 (2077 turns).

sahdkjhfkaj the Skirmisher (Minotaur Berserker)     Turns: 2077, Time: 00:01:35

Health: -1/41      AC:  6    Str: 23    XL:     4   Next: 52%
Magic:  3/3        EV:  6    Int:  4    God:    Trog [**....]
Gold:   158        SH: 11    Dex:  9    Spells: 3/3 levels left

rFire    . . .     SeeInvis .   a - +0 hand axe (flame)
rCold    . . .     Faith    .   k - -2 tower shield (curse)
rNeg     . . .     Spirit   .   i - +0 scale mail
rPois    .         Reflect  .   (helmet restricted)
rElec    .         Harm     .   (no cloak)
rCorr    .         Rampage  .   (no gloves)
Will     .....                  (no boots)
Stlth    ..........             (no amulet)
HPRegen  0.13/turn              (no ring)
MPRegen  0.08/turn              (no ring)

@: no status effects
A: retaliatory headbutt, horns 2
a: Berserk, Trog's Hand, Renounce Religion


You were on level 3 of the Dungeon.
You worshipped Trog.
Trog was pleased with you.
You visited 1 branch of the dungeon, and saw 3 of its levels.

You collected 158 gold pieces.

Inventory:

Hand Weapons
 a - a +0 hand axe of flaming (weapon)
Armour
 i - a +0 scale mail (worn)
 k - a cursed -2 tower shield (worn)
Scrolls
 c - a scroll of amnesia
 d - a scroll of enchant weapon
 e - a scroll of immolation
 g - a scroll of fog {unknown}
 l - a scroll of identify
 m - a scroll of remove curse {unknown}
 n - a scroll of teleportation {unknown}
Potions
 b - a potion of lignification {unknown}
 f - a potion of invisibility {unknown}
 h - a potion of haste {unknown}
 j - a potion of heal wounds {unknown}


   Skills:
 - Level 4.5 Fighting
 - Level 4.5 Axes
 - Level 2.6 Armour
 - Level 2.9 Dodging
 + Level 2.2 Shields


You had 3 spell levels left.
You didn't know any spells.
Your spell library was empty.

Dungeon Overview and Level Annotations

Branches:
Dungeon (3/15)

Altars:
Cheibriados
Hepliaklqana
Nemelex Xobeh
Ru
Uskayaw
Zin

Annotations:
D:3 3 runed translucent doors, Anlio's ghost, amateur PaAK


Innate Abilities, Weirdness & Mutations

You reflexively headbutt those who attack you in melee.
You have a pair of horns on your head.


Message History

The gnoll closely misses you. You furiously retaliate!
You headbutt the gnoll. The gnoll closely misses you.
You barely miss the gnoll.
The gnoll is heavily wounded.
The gnoll hits you from afar with a +0 spear.
The gnoll hits you with a cursed -1 halberd!
* * * LOW HITPOINT WARNING * * *
Unknown command.
You closely miss the gnoll. Your headbutt misses the gnoll.
The gnoll is heavily wounded.
The gnoll hits you from afar with a +0 spear.
* * * LOW HITPOINT WARNING * * *
The gnoll barely misses you.
There are monsters nearby!
There are monsters nearby!
You closely miss the gnoll.
The gnoll is heavily wounded.
The gnoll hits you but does no damage.
The gnoll hits you with a cursed -1 halberd.
You die...

... ###. #.# #.#
##... #.# #.###..##
8.8#######........
#.##...#..###+++##
##.##...#..#WZZ....
8g8#.(.#.>##Z....#
#g##...(..#.......
##@##....####..[(.#
#####†.#.....#
..#.#..
..............#
########
#######.......#
#..........
#......##..
#>.....# ...
######.# .. .#


You could see 2 gnolls.

Vanquished Creatures
  A gnoll (D:3)
  3 adders
  3 worms
  A dart slug (D:2)
  A leopard gecko (D:2)
  7 bats
  6 giant cockroaches
  6 goblins
  7 hobgoblins (D:1)
  7 kobolds
  2 quokkas (D:2)
  2 ball pythons
  4 frilled lizards
  3 rats
53 creatures vanquished.

Notes
Turn   | Place    | Note
-------+----------+-------------------------------------------
     0 | D:1      | sahdkjhfkaj the Minotaur Berserker began the quest for the
                  | Orb.
     0 | D:1      | Reached XP level 1. HP: 19/19 MP: 0/0
   272 | D:1      | Reached XP level 2. HP: 23/27 MP: 1/1
   757 | D:2      | Reached ** piety under Trog
   758 | D:2      | Reached XP level 3. HP: 27/34 MP: 2/2
   944 | D:2      | Found a sparkling altar of Nemelex Xobeh.
   945 | D:2      | Found a snail-covered altar of Cheibriados.
   945 | D:2      | Found a hazy altar of Hepliaklqana.
   945 | D:2      | Found a hide-covered altar of Uskayaw.
   946 | D:2      | Found a sacrificial altar of Ru.
  1136 | D:2      | Found a glowing silver altar of Zin.
  1887 | D:3      | Reached XP level 4. HP: 40/41 MP: 3/3
  1960 | D:3      | Reached skill level 1 in Shields
  2037 | D:3      | Found a runed translucent gate.
  2037 | D:3      | Found a runed translucent gate.
  2043 | D:3      | Found a runed translucent gate.
  2044 | D:3      | Noticed Anlio's ghost (amateur PaAK)
  2076 | D:3      | HP: 1/41 [gnoll/+0 spear (4)]
  2077 | D:3      | Slain by a gnoll

Illustrated notes

Levels and vault maps discovered:
D:1:      scummos_arrival_simple_crosswalls, layout_basic
D:2:      layout_basic, zin_scriptorium, grunt_temple_overflow_open,
          chequers_serial_rivers_micro_a
D:3:      layout_rooms, gammafunk_ghost_necromancy, dk_noncrumbling_2,
          minmay_pentomino_pile

Skill      XL: |  1  2  3  4 |
---------------+-------------+-----
Fighting       | 4 |  4.5
Axes           | 4 |  4.5
Shields        | 2 |  2.2
Armour         | |  2.6
Dodging        | |  2.9

Action                   |  1- 3 |  4- 6 || total
-------------------------+-------+-------++-------
Melee: Hand axe          |    82 |    31 ||   113
       Headbutt          |    15 |     4 ||    19
  Use: Scroll            |     3 |       ||     3
Armor: Animal skin       |    25 |       ||    25
       Scale mail        |     1 |     8 ||     9
Dodge: Dodged            |    63 |     9 ||    72
Block: Tower shield      |       |    15 ||    15

Table legend: (Time is in decaauts)
 A = Elapsed time spent in this place.
 B = Non-inter-level travel time spent in this place.
 C = Inter-level travel time spent in this place.
 D = Time resting spent in this place.
 E = Time spent auto-exploring this place.
 F = Levels seen in this place.
 G = Mean time per level.
                   A        B        C        D        E       F      G
               +--------+--------+--------+--------+--------+-----+--------+
         Total |   2093 |   1847 |    246 |    100 |   1425 |   3 |  697.7 |
       Dungeon |   2093 |   1847 |    246 |    100 |   1425 |   3 |  697.7 |
               +--------+--------+--------+--------+--------+-----+--------+

Top non-repeatable levels by time:
     D:2: 1173 daAuts
     D:1: 712 daAuts
     D:3: 207 daAuts
